 Dungeon Crawl Stone Soup version 0.26.0-10-g1f06aea511 (webtiles) character file.

Game seed: 11768210614905679517

51 trckry the Ruffian (level 3, 0/28 HPs)
             Began as a Draconian Transmuter on Jan 13, 2021.
             Succumbed to an adder's poison
             ... on level 2 of the Dungeon.
             The game lasted 00:02:43 (1338 turns).

trckry the Ruffian (Draconian Transmuter)           Turns: 1338, Time: 00:02:44

Health: 0/28       AC:  6    Str: 12    XL:     3   Next: 57%
Magic:  5/6        EV: 12    Int: 14    God:
Gold:   66         SH:  0    Dex: 11    Spells: 5/6 levels left

rFire    . . .     SeeInvis +     - Unarmed
rCold    . . .     Faith    .   (no shield)
rNeg     . . .     Spirit   .   (armour unavailable)
rPois    .         Reflect  .   (helmet restricted)
rElec    .         Harm     .   (no cloak)
rCorr    .         Rampage  .   d - +0 pair of gloves (curse)
Will     .....                  (no boots)
Stlth    +.........             (no amulet)
HPRegen  0.09/turn              g - ring of see invisible
MPRegen  0.10/turn              (no ring)

@: lethally poisoned (0 -> -5), flying
A: unfitting armour, cold-blooded, AC +5
a: no special abilities


You were on level 2 of the Dungeon.
You visited 1 branch of the dungeon, and saw 2 of its levels.

You collected 66 gold pieces.

Inventory:

Missiles
 i - 9 poisoned darts
Armour
 d - a cursed +0 pair of gloves (worn)
Jewellery
 g - a ring of see invisible (left hand)
Scrolls
 b - 3 scrolls of identify {unknown}
 f - 2 scrolls of remove curse {unknown}
 h - a scroll of fear {unknown}
Potions
 a - a potion of invisibility


   Skills:
 - Level 1.1 Fighting
 - Level 1.7 Dodging
 * Level 3.9 Unarmed Combat
 - Level 2.0 Spellcasting
 * Level 3.1 Transmutations


You had 5 spell levels left.
You knew the following spells:

 Your Spells              Type           Power        Failure   Level
a - Beastly Appendage     Tmut           20%          7%          1

Your spell library contained the following spells:

 Spells                   Type           Power        Failure   Level
 Wereblood                Tmut           10%          10%         2
 Spider Form              Tmut/Pois      2%           36%         3
 Ice Form                 Ice/Tmut       5%           77%         4
 Blade Hands              Tmut           5%           88%         5


Dungeon Overview and Level Annotations

Branches:
Dungeon (2/15)

Altars:
Fedhas


Innate Abilities, Weirdness & Mutations

Your plain brown scales are hard. (AC +5)
You cannot fit into any form of body armour.
You are cold-blooded and may be slowed by cold attacks.


Message History

You closely miss the adder.
The adder is lightly wounded.
The adder bites you but does no damage.
It was a potion of invisibility.
You fade into invisibility!
* * * LOW HITPOINT WARNING * * *
You feel sick. The adder barely misses you. The adder closely misses you.
You are very lightly contaminated with residual magic.
It was a potion of cancellation.
Your magical effects are unravelling.
You feel magically purged.
Your magical contamination has completely faded away.
Your horns disappear.
Your talons disappear.
You flicker back into view.
The adder bites you but does no damage.
It was a potion of flight.
You feel very buoyant.
You fly up into the air.
The adder barely misses you.
You miss the adder.
The adder is lightly wounded.
You die...

PP.# ..#.. .P.#
#.#.##########
...#
#.#.##.......#
.).#
#S#.##.#####.#
##.###.#.##.#
#.#
.......#.##.#
#.#
####.#.#.##<#
#.# #
#.#...########.#
#
#.#.........S@.#
#
#.#.......######
# #.........# ..
###......(# ...
#...)...# ...
#.##.#### #.
#.##.# #.##.#
#.##.#


You could see an adder.

Vanquished Creatures
  An adder (D:2)
  An ooze (D:1)
  A worm (D:2)
  2 dart slugs (D:1)
  2 bats (D:1)
  2 giant cockroaches (D:1)
  6 goblins
  2 hobgoblins
  2 jackals (D:1)
  4 kobolds (D:1)
  A ball python (D:2)
  3 frilled lizards
  3 rats (D:1)
30 creatures vanquished.

Vanquished Creatures (others)
  2 plants (D:1)
2 creatures vanquished.

Grand Total: 32 creatures vanquished

Notes
Turn   | Place    | Note
-------+----------+-------------------------------------------
     0 | D:1      | trckry the Draconian Transmuter began the quest for the
                  | Orb.
     0 | D:1      | Reached XP level 1. HP: 16/16 MP: 3/3
   134 | D:1      | Reached XP level 2. HP: 9/23 MP: 3/5
   736 | D:1      | Reached XP level 3. HP: 28/28 MP: 4/6
  1173 | D:2      | Found a blossoming altar of Fedhas.
  1332 | D:2      | HP: 2/28 [adder (5)]
  1338 | D:2      | Succumbed to an adder's poison

Illustrated notes

Levels and vault maps discovered:
D:1:      kilobyte_arrival_exit_the_forest, layout_rooms, serial_bayou_pond_c,
          minmay_misc_feat_ornament
D:2:      layout_basic, fedhas_altar_3, uniq_terence

Skill      XL: |  1  2  3 |
---------------+----------+-----
Transmutations | 3 |  3.1
Fighting       | |  1.1
Dodging        | |  1.7
Unarmed Combat | |  3.9
Spellcasting   | |  2.0

Action                   || total
-------------------------++-------
Melee: Unarmed           ||    96
       Kick              ||    16
       Headbutt          ||    14
       Tailslap          ||     5
       Punch             ||     2
 Cast: Beastly Appendage ||    20
  Use: Potion            ||     3
 Stab: Sleeping          ||     1
Armor: Skin              ||    16
Dodge: Dodged            ||    57
